 Dungeon Crawl Stone Soup version 0.19-a0-1682-g5114f93 (webtiles) character file.

101115 Amnesiac the Bewitcher (level 15, -2/103 HPs)
             Began as a Mummy Enchanter on Sept 25, 2016.
             Was an Initiate of Gozag.
             Slain by a long sword of holy wrath (12 damage)
             ... on level 2 of the Elven Halls.
             The game lasted 01:07:02 (30497 turns).

Amnesiac the Bewitcher (Mummy Enchanter)           Turns: 30497, Time: 01:07:02

Health: -2/103     AC: 13    Str: 13      XL:     15   Next: 82%
Magic:  16/27      EV: 18    Int: 19      God:    Gozag
Gold:   3571       SH:  5    Dex: 12 (13) Spells: 11 memorised, 4 levels left

rFire  . . .     SeeInvis +     e - +9 dagger (elec)
rCold  + + .     Gourm    .     R - +2 robe {rC+ rF+}
rNeg   + + +     Faith    .     M - +0 buckler
rPois  ∞         Spirit   .     D - +2 hat
rElec  .         Dismiss  .     J - +1 cloak {MR+}
rCorr  .         Reflect  .     I - +0 pair of gloves
MR     +++..     Harm     .     A - +2 pair of boots {Stlth+}
Stlth  +++++.....               N - amulet of magic regeneration
                                i - ring of protection from magic
                                j - ring of see invisible

@: very slightly contaminated, studying Armour, invisible
A: no food or potions, fire vulnerability, cold resistance 1, negative energy
resistance 3, torment resistance, unbreathing, in touch with death 1
a: Potion Petition, Call Merchant, Bribe Branch, Renounce Religion


You were on level 2 of the Elven Halls.
You worshipped Gozag.
Gozag was most pleased with you.
You were not hungry.

You visited 4 branches of the dungeon, and saw 20 of its levels.
You also visited: Bailey and Volcano.

You collected 7588 gold pieces.
You spent 1871 gold pieces at shops.
You paid 2146 gold pieces to Gozag.

Inventory:

Hand Weapons
 e - a +9 dagger of electrocution (weapon)
 o - the +2 rapier "Fazys" {freeze, rElec rN+ MR+}
   (You found it on level 5 of the Dungeon)

   It has been specially enchanted to freeze those struck by it, causing extra
   injury to most foes and up to half again as much damage against particularly
   susceptible opponents.
   It can also slow down cold-blooded creatures.
   It insulates you from electricity.
   It protects you from negative energy.
   It affects your resistance to hostile enchantments.
 u - the +8 great sword "Foponginue" {antimagic, Dex+2 Stlth+}
   (You found it on level 5 of the Lair of Beasts)

   It reduces the magical energy of the wielder, and disrupts the spells and
   magical abilities of those hit.
   Natural abilities and divine invocations are not affected.
   It affects your dexterity (+2).
   It makes you more stealthy.
 B - the +8 frozen axe "Frostbite" {freezing cloud, *Noise +Fly rC+}
   (You found it in a bailey)

   It has been specially enchanted to freeze those struck by it, causing extra
   injury to most foes and up to half again as much damage against particularly
   susceptible opponents.
   It can also slow down cold-blooded creatures.
   It protects you from cold.
   It lets you fly.
   It may make noises in combat.
 T - a +7 quick blade
Missiles
 g - 2 curare-tipped needles
Armour
 A - a +2 pair of boots of stealth (worn)
 D - a +2 hat (worn)
 I - a +0 pair of gloves (worn)
 J - a +1 cloak of magic resistance (worn)
 M - a +0 buckler (worn)
 O - a +0 fire dragon armour
 R - a +2 robe of resistance (worn)
Jewellery
 i - a ring of protection from magic (right hand)
 j - a ring of see invisible (left hand)
 k - an uncursed ring of stealth
 N - an amulet of magic regeneration (around neck)
Wands
 f - a wand of heal wounds (6/9)
 l - a wand of iceblast (3/15)
 y - a wand of teleportation (4/9)
 z - a wand of paralysis (16/24)
 E - a wand of acid (7/15)
 F - a wand of flame (12/48)
 H - a wand of acid (10/15)
 K - a wand of heal wounds (1/9)
 L - a wand of digging (13/24)
Scrolls
 a - 9 scrolls of remove curse
 b - a scroll of fear
 d - a scroll of teleportation
 h - 4 scrolls of amnesia
 m - 7 scrolls of identify
 p - 7 scrolls of enchant armour
 r - a scroll of fog
 s - 3 scrolls of blinking
 v - 2 scrolls of recharging
 w - 3 scrolls of magic mapping
Books
 c - a book of Maledictions

   Spells                             Type                      Level
   a - Corona                         Hexes                        1
   b - Ensorcelled Hibernation        Hexes/Ice                    2
   c - Confuse                        Hexes                        3
   d - Tukima's Dance                 Hexes                        3
   e - Dazzling Spray                 Conjuration/Hexes            3
 q - a manual of
Armour
 t - a book of Air

   Spells                             Type                      Level
   a - Shock                          Conjuration/Air              1
   b - Swiftness                      Charms/Air                   2
   c - Repel Missiles                 Charms/Air                   2
   d - Static Discharge               Conjuration/Air              3
   e - Lightning Bolt                 Conjuration/Air              5
 C - a book of Party Tricks

   Spells                             Type                      Level
   a - Summon Butterflies             Summoning                    1
   b - Apportation                    Translocation                1
   c - Tukima's Dance                 Hexes                        3
   d - Alistair's Intoxication        Transmutation/Poison         5
   e - Invisibility                   Hexes                        6
 G - a book of Death

   Spells                             Type                      Level
   a - Corpse Rot                     Necromancy                   2
   b - Sublimation of Blood           Necromancy                   2
   c - Agony                          Necromancy                   5
   d - Dispel Undead                  Necromancy                   5
   e - Excruciating Wounds            Charms/Necromancy            5
   f - Bolt of Draining               Conjuration/Necromancy       5
Miscellaneous
 n - 2 boxes of beasts


   Skills:
 - Level 5.0 Fighting
 - Level 10.0 Short Blades
 - Level 10.3 Dodging
 - Level 10.0 Stealth
 - Level 4.1 Shields
 - Level 8.0 Spellcasting
 + Level 16.2 Hexes


You had 4 spell levels left.
You knew the following spells:

 Your Spells              Type           Power        Failure   Level  Hunger
a - Repel Missiles        Chrm/Air       #.....       14%         2    N/A
b - Corona                Hex            ######.      0%          1    N/A
c - Invisibility          Hex            ######..     1%          6    N/A
d - Corpse Rot            Necr           N/A          14%         2    N/A
e - Confuse               Hex            ######..     1%          3    N/A
f - Ensorcelled Hibernat  Hex/Ice        #####.       1%          2    N/A
g - Apportation           Tloc           #.........   10%         1    N/A
h - Swiftness             Chrm/Air       #.......     14%         2    N/A
i - Summon Butterflies    Summ           #.......     10%         1    N/A
q - Dazzling Spray        Conj/Hex       #####.       1%          3    N/A
w - Tukima's Dance        Hex            ######..     1%          3    N/A

Dungeon Overview and Level Annotations

Branches:
Dungeon (10/15)            Temple (0/1) D:6            Lair (6/6) D:9
  Swamp (0/4) Lair:2        Snake (0/4) Lair:2        Slime (0/5) Lair:6
    Orc (2/2) D:10            Elf (2/3) Orc:2

Altars:
Ashenzari
Cheibriados
Fedhas
Gozag
Hepliaklqana
Makhleb
Nemelex Xobeh
Sif Muna
Uskayaw
Vehumet
Yredelemnul
Zin
The Shining One
Beogh
Jiyva

Shops:
D:7 ?   Orc:2 [}*?   Elf:1 *=[

Annotations:
Elf:2 1 runed door


Innate Abilities, Weirdness & Mutations

You do not eat or drink.
Your flesh is vulnerable to fire.
You are immune to poison.
Your flesh is cold resistant. (rC+)
You are immune to negative energy. (rN+++)
You are immune to unholy pain and torment.
You can survive without breathing.
You are in touch with the powers of death.


Message History

Unknown command.
The deep elf knight hits you but does no damage.
Casting: Confuse
Confirm with . or Enter, or press ? or * to list all spells.
Aiming: Invisibility
Press: ? - help, Shift-Dir - straight line, f - you You fade into invisibility!
You are very lightly contaminated with residual magic.
The deep elf knight hits you with a long sword!
* * * LOW HITPOINT WARNING * * *
The long sword of holy wrath barely misses you.
Unknown command.
Unknown command.
The deep elf knight casts a spell at the deep elf knight.
The stone arrow misses the deep elf knight.
The deep elf knight points at the trident of venom and mumbles some strange words.
The orb of energy hits the trident of venom.
The long sword of holy wrath hits you!
You die...
Your body crumbles into a pile of gold.

# ##### ##### ### ### ##
####...## ##...####.####.## #.##
.##.....###.....##e(.##...##...#
.)................e.....$.......
.).)...............#.(..........
#................(###...........
##..............@## ##..........
#.................###...........
...................#............
................................
................................
........#.#.....................
.......#####....................
.......# #....................
.......#####........


You could see 2 deep elf knights and 2 dancing weapons.

Vanquished Creatures
  Gastronok (D:8)
  A deep elf demonologist (Elf:1)
  The ghost of mrath the Protected, a journeyman MiFi of Okawaru (Lair:4)
  The ghost of mrath the Thaumaturge, a journeyman GrEE of Vehumet (Lair:1)
  5 deep elf death magi
  8 hydras
  2 catoblepae (Lair:6)
  13 death yaks
  3 orc high priests
  A queen ant (Lair:2)
  The ghost of braks the Tainted, a novice DsFi of Yredelemnul (D:9)
  The ghost of anything the Quickloader, a novice HOHu of Gozag (Bailey)
  Urug (Lair:4)
  9 deep elf knights
  A fire crab (Lair:6)
  8 orc knights
  A hill giant (D:10)
  5 deep elf archers
  2 oklob plants (Lair:6)
  22 deep elf magi
  An orc sorcerer (Orc:2)
  3 black mambas
  11 spiny frogs
  2 rime drakes (Lair:6)
  4 komodo dragons
  3 trolls
  6 polar bears
  13 blink frogs
  3 slime creatures (D:10)
  4 hippogriffs
  A dream sheep (D:8)
  13 spriggans
  2 flying skulls (Volcano)
  28 yaks
  5 water elementals
  A wyvern (D:8)
  2 basilisks
  4 fire elementals
  2 hogs (D:8)
  A hungry ghost (D:8)
  9 wargs
  Menkaure (D:4)
  3 nagas (Lair:2)
  5 soldier ants (Lair:2)
  12 water moccasins
  4 porcupines
  A sky beast (D:5)
  An ice beast (D:5)
  60 orc warriors
  9 black bears
  2 necrophages
  6 ogres
  3 phantoms
  2 wasps (Lair:6)
  3 boggarts (Lair:6)
  40 wolves
  7 centaurs
  14 crocodiles
  2 earth elementals (Elf:2)
  13 bullfrogs
  3 scorpions
  A water moccasin skeleton (D:6)
  4 wights (D:10)
  12 killer bees
  4 howler monkeys
  An electric eel (Lair:6)
  3 crimson imps
  3 quasits
  3 bullfrog zombies
  2 centaur zombies
  2 jellies
  16 orc priests
  A centaur skeleton (D:5)
  A bullfrog skeleton (D:9)
  A gnoll shaman (D:6)
  9 hounds
  Jessica (D:2)
  7 iguanas
  Natasha (thrice) (D:2)
  20 orc wizards
  13 worker ants
  4 hound skeletons
  A howler monkey zombie (D:6)
  4 mummies (Volcano)
  A worker ant zombie (D:9)
  7 gnolls
  16 adders
  49 river rats
  3 shadow imps
  2 oozes
  2 adder zombies
  A worm (D:3)
  A dart slug (D:1)
  7 leopard geckos
  114 orcs
  4 giant cockroaches
  8 goblins
  4 hobgoblins
  9 jackals
  8 quokkas
  2 ball pythons
  7 bats
  9 frilled lizards
  6 kobolds
  A quokka skeleton (D:5)
  9 rats
782 creatures vanquished.

Vanquished Creatures (collateral kills)
  An orc warrior (Orc:2)
  An orc (Orc:2)
2 creatures vanquished.

Vanquished Creatures (others)
  2 deep elf magi
  22 dancing weapons
  52 fungi
  44 plants
120 creatures vanquished.

Grand Total: 904 creatures vanquished

Notes
Turn   | Place    | Note
-------+----------+-------------------------------------------
     0 | D:1      | Amnesiac the Mummy Enchanter began the quest for the Orb.
     0 | D:1      | Reached XP level 1. HP: 13/13 MP: 3/3
   281 | D:1      | Reached skill level 3 in Hexes
   361 | D:1      | Found a shattered altar of Ashenzari.
   449 | D:1      | Reached XP level 2. HP: 17/19 MP: 5/5
   902 | D:2      | Found a radiant altar of Vehumet.
  1010 | D:2      | Noticed Jessica
  1034 | D:2      | Killed Jessica
  1034 | D:2      | Reached skill level 4 in Hexes
  1034 | D:2      | Reached XP level 3. HP: 23/24 MP: 6/6
  1415 | D:2      | Reached XP level 4. HP: 29/30 MP: 7/7
  1420 | D:2      | Learned a level 3 spell: Confuse
  1424 | D:2      | Learned a level 3 spell: Tukima's Dance
  1737 | D:2      | Noticed Natasha
  1746 | D:2      | Killed Natasha
  1746 | D:2      | Reached skill level 5 in Hexes
  1873 | D:3      | Found a glowing golden altar of the Shining One.
  2004 | D:3      | Reached skill level 1 in Short Blades
  2009 | D:3      | Reached XP level 5. HP: 18/35 MP: 1/8
  2333 | D:2      | Noticed Natasha
  2339 | D:2      | Killed Natasha
  2553 | D:2      | Noticed Natasha
  2565 | D:2      | Killed Natasha
  2702 | D:3      | Found a hide-covered altar of Uskayaw.
  3195 | D:3      | Reached skill level 6 in Hexes
  3326 | D:3      | Reached XP level 6. HP: 31/41 MP: 9/9
  3908 | D:4      | Noticed Menkaure
  3922 | D:4      | Killed Menkaure
  3922 | D:4      | Reached XP level 7. HP: 29/46 MP: 1/10
  4122 | D:5      | Entered Level 5 of the Dungeon
  4123 | D:5      | Found an opulent altar of Gozag.
  4127 | D:5      | Became a worshipper of Gozag Ym Sagoz the Greedy
  4189 | D:5      | Found a basalt altar of Yredelemnul.
  4189 | D:5      | Found a glowing silver altar of Zin.
  4475 | D:5      | Reached skill level 5 in Short Blades
  4490 | D:5      | Got a dazzling rapier
  4540 | D:5      | Identified the cursed +2 rapier "Fazys" {freeze, rElec rN+ MR+} (You found it on level 5 of the Dungeon)
  4831 | D:5      | Reached XP level 8. HP: 52/52 MP: 11/11
  4915 | D:6      | Found a blossoming altar of Fedhas.
  4973 | D:6      | Found a staircase to the Ecumenical Temple.
  5079 | D:6      | Learned a level 3 spell: Dazzling Spray
  5082 | D:6      | Learned a level 2 spell: Ensorcelled Hibernation
  5311 | D:6      | Found a sparkling altar of Nemelex Xobeh.
  5312 | D:6      | Found an opulent altar of Gozag.
  5450 | D:6      | Reached skill level 7 in Hexes
  5843 | D:6      | Found a burning altar of Makhleb.
  6071 | D:7      | Learned a level 2 spell: Repel Missiles
  6074 | D:7      | Learned a level 2 spell: Swiftness
  6251 | D:7      | Reached XP level 9. HP: 56/57 MP: 9/15
  6357 | D:7      | Found a hazy altar of Hepliaklqana.
  6397 | D:7      | Reached skill level 8 in Hexes
  6801 | D:7      | Reached skill level 9 in Hexes
  7090 | D:7      | Found Jouqat's Magic Scroll Emporium.
  7096 | D:7      | Bought a scroll of magic mapping for 45 gold pieces
  7096 | D:7      | Bought a scroll of noise for 13 gold pieces
  7096 | D:7      | Bought a scroll of vulnerability for 97 gold pieces
  7176 | D:8      | Noticed Gastronok
  7396 | D:8      | Found a flagged portal.
  7518 | Bailey   | Entered a bailey
  7528 | Bailey   | Noticed anything's ghost (novice HOHu)
  7542 | Bailey   | Killed anything's ghost
  7766 | Bailey   | Reached XP level 10. HP: 61/63 MP: 12/16
  7874 | Bailey   | Found a roughly hewn altar of Beogh.
  7874 | Bailey   | Noticed an orc knight
  8275 | Bailey   | Killed an orc knight
  8703 | D:8      | Found a huge runed gate.
  8704 | D:8      | Found a huge runed gate.
  8705 | D:8      | Found a huge runed gate.
  8944 | D:8      | Found a snail-covered altar of Cheibriados.
  9256 | D:8      | Reached skill level 10 in Short Blades
  9312 | D:8      | Found a huge runed gate.
  9458 | D:8      | Killed Gastronok
  9609 | D:8      | Reached XP level 11. HP: 44/68 MP: 12/21
  9696 | D:8      | Reached skill level 10 in Hexes
 10059 | D:9      | Noticed braks's ghost (novice DsFi)
 10627 | D:9      | Found a staircase to the Lair.
 10741 | D:9      | Killed braks's ghost
 10741 | D:9      | Reached skill level 11 in Hexes
 10978 | D:9      | Found a deep blue altar of Sif Muna.
 11178 | Lair:1   | Entered Level 1 of the Lair of Beasts
 11221 | Lair:1   | Noticed a five-headed hydra
 11554 | Lair:1   | Noticed mrath's ghost (journeyman GrEE)
 11598 | Lair:1   | Killed mrath's ghost
 11598 | Lair:1   | Reached skill level 5 in Stealth
 11919 | Lair:1   | Killed a five-headed hydra
 12134 | Lair:2   | Found a staircase to the Swamp.
 12141 | Lair:2   | Reached XP level 12. HP: 64/74 MP: 15/22
 12142 | Lair:2   | Noticed an eight-headed hydra
 12344 | Lair:2   | Noticed a queen ant
 12358 | Lair:2   | Killed a queen ant
 12755 | Lair:2   | Found a staircase to the Snake Pit.
 13865 | Lair:2   | Killed an eight-headed hydra
 14335 | Lair:3   | Learned a level 1 spell: Summon Butterflies
 14337 | Lair:3   | Learned a level 1 spell: Apportation
 14344 | Lair:3   | Learned a level 6 spell: Invisibility
 14361 | Lair:3   | Reached skill level 10 in Stealth
 14885 | Lair:4   | Noticed mrath's ghost (journeyman MiFi)
 15740 | Lair:4   | Reached skill level 12 in Hexes
 15775 | Lair:4   | Noticed Urug
 15777 | Lair:4   | Killed Urug
 16030 | Lair:4   | Noticed a death yak
 16206 | Lair:3   | Noticed a seven-headed hydra
 16293 | Lair:3   | Killed a seven-headed hydra
 16445 | Lair:4   | Killed mrath's ghost
 16445 | Lair:4   | Gained mutation: You are in touch with the powers of death. [Mummy growth]
 16445 | Lair:4   | Reached XP level 13. HP: 55/79 MP: 18/24
 16497 | Lair:4   | Reached skill level 5 in Dodging
 17047 | Lair:5   | Got a dazzling great sword
 17068 | Lair:5   | Learned a level 2 spell: Corpse Rot
 18285 | Lair:6   | Entered Level 6 of the Lair of Beasts
 18503 | Lair:6   | Found a burning altar of Makhleb.
 19222 | Lair:6   | Reached skill level 1 in Shields
 20872 | Lair:6   | Reached XP level 14. HP: 85/85 MP: 21/25
 21158 | Lair:6   | Reached skill level 10 in Dodging
 21246 | Lair:6   | Reached skill level 1 in Fighting
 21469 | Lair:6   | Found a viscous altar of Jiyva.
 21470 | Lair:6   | Found a staircase to the Slime Pits.
 21894 | D:10     | Entered Level 10 of the Dungeon
 21966 | D:10     | Found a staircase to the Orcish Mines.
 22339 | D:10     | Reached skill level 5 in Fighting
 22536 | Orc:1    | Entered Level 1 of the Orcish Mines
 23554 | Orc:2    | Entered Level 2 of the Orcish Mines
 23923 | Orc:2    | Found a dark tunnel.
 23935 | Volcano  | Entered a volcano
 24719 | Orc:2    | Found a staircase to the Elven Halls.
 25149 | Orc:2    | Reached skill level 13 in Hexes
 25249 | Orc:2    | Found Plog's Gadget Shop.
 25249 | Orc:2    | Found Fascheask's Armour Emporium.
 25298 | Orc:2    | Found a roughly hewn altar of Beogh.
 25873 | Orc:2    | Found a roughly hewn altar of Beogh.
 25980 | Orc:2    | Found Oceviut's Assorted Antiques.
 25980 | Orc:2    | Found Poude's Magic Scroll Shop.
 26108 | Orc:2    | Bought a glowing quick blade for 405 gold pieces
 26108 | Orc:2    | Bought a blackened fluorescent amulet for 135 gold pieces
 26116 | Orc:2    | Identified the +8 great sword "Foponginue" {antimagic, Dex+2 Stlth+} (You found it on level 5 of the Lair of Beasts)
 26394 | Orc:2    | Bought 2 scrolls of enchant weapon for 225 gold pieces
 26433 | Elf:1    | Entered Level 1 of the Elven Halls
 26690 | Elf:1    | Reached skill level 14 in Hexes
 26690 | Elf:1    | Reached XP level 15. HP: 103/103 MP: 22/26
 26790 | Elf:1    | Bought a +2 pair of boots of stealth for 322 gold pieces
 26790 | Elf:1    | Bought a +1 cloak of magic resistance for 247 gold pieces
 26850 | Elf:1    | Noticed a deep elf sorcerer
 26889 | Elf:1    | Noticed a Hell Sentinel
 27179 | Elf:1    | Noticed a Hell Sentinel
 27181 | Elf:1    | Noticed an Ice Fiend
 27491 | Elf:1    | Bought 3 scrolls of blinking for 382 gold pieces
 28549 | Elf:2    | Reached skill level 15 in Hexes
 28832 | Elf:2    | Found a runed door.
 28864 | Elf:2    | Found a runed door.
 28964 | Elf:2    | Noticed a deep elf sorcerer
 30082 | Elf:2    | Reached skill level 16 in Hexes
 30497 | Elf:2    | Slain by a long sword of holy wrath

Vault maps used:
D:1:      minmay_arrival_checkered_box, minivault_14, minmay_misc_feat_cross,
          minmay_misc_feat_five, ashenzari_altar_1
D:2:      vehumet_crystals, kennysheep_jessica_study, uniq_natasha
D:3:      old_standard_altar, marbit_many_paths, minmay_distorted
D:4:      first_bread, uniq_menkaure
D:5:      grunt_temple_overflow_open, nicolae_gozag_seed_capital
D:6:      grunt_temple_overflow_opulence, fedhas_altar_1,
          makhleb_heckhound_becter
D:7:      nicolae_overflow_crystal_walls, serial_shops, kennysheep_mini_moat
D:8:      lemuel_bear_cage, overflow_temple_1_default, enter_bailey_3,
          uniq_gastronok
D:9:      tgw_sif, dpeg_oklobed_lair
D:10:     david_orc_3
Lair:2:   minmay_swamp_entry_reptiles, guppyfry_snake_entry_garden,
          wad_woods_antlair, infiniplex_staircase_pool_2
Lair:4:   beast_lair_carwin_large_3, uniq_urug
Lair:5:   grunt_forest_large_clearing_hut
Lair:6:   minmay_lair_end_enchanted_forest, slime_altar_1, basic_altar,
          columned_hall_lemuel, dpeg_oklob_1, serial_bayou_shore_b
Orc:2:    st_orc_town, enter_volcano_4, bh_open_orc_temple
Elf:1:    hangedman_corner_corridor
Bailey:   bailey_polearm_2, bailey
Volcano:  volcano_tomb

Skill      XL: |  1  2  3  4  5  6  7  8  9 10 11 12 13 14 15 |
---------------+----------------------------------------------+-----
Hexes          | 3 4 5 6 7 9 11 12 14 16 | 16.2
Short Blades   | 1 3 6 8 10 | 10.0
Stealth        | 3 6 10 | 10.0
Spellcasting   | 4 7 8 |  8.0
Dodging        | 4 9 10 | 10.3
Shields        | 4 |  4.1
Fighting       | 5 |  5.0

Action                   |  1- 3 |  4- 6 |  7- 9 | 10-12 | 13-15 || total
-------------------------+-------+-------+-------+-------+-------++-------
Melee: Dagger            |    90 |   157 |   330 |   585 |  1210 ||  2372
       Rapier            |       |       |       |    18 |       ||    18
       Quick blade       |       |       |       |       |    10 ||    10
 Cast: Corona            |     1 |       |       |       |       ||     1
       Confuse           |       |    10 |    45 |    81 |   162 ||   298
       Tukima's Dance    |       |       |     1 |     5 |     9 ||    15
       Ensorcelled Hiber |       |       |     1 |   118 |   168 ||   287
       Repel Missiles    |       |       |     1 |       |       ||     1
       Dazzling Spray    |       |       |     4 |     8 |    40 ||    52
       Invisibility      |       |       |       |     4 |    26 ||    30
       Summon Butterflie |       |       |       |       |     1 ||     1
Invok: Call Merchant     |       |       |       |       |     3 ||     3
Evoke: Wand              |       |       |       |       |     3 ||     3
  Use: Scroll            |     2 |     4 |     8 |     4 |    16 ||    34
 Stab: Sleeping          |     4 |     3 |    10 |    77 |   120 ||   214
       Distracted        |       |     2 |     1 |     1 |     3 ||     7
       Confused          |       |     3 |    20 |    33 |    58 ||   114
       Invisible         |       |       |       |    12 |    69 ||    81
Armor: Robe              |    22 |    38 |    62 |    94 |   152 ||   368
Dodge: Dodged            |    56 |    78 |   147 |   225 |   596 ||  1102
       Deflected         |       |       |     1 |       |       ||     1
Block: Buckler           |       |       |       |       |    98 ||    98
